Stars vs Oilers

Created - January-09-14 at 17:04

Goals
1 2 3 T
Stars 2 1 4 7
Oilers 0 1 1 2
Shots
1 2 3 T
Stars 8 10 12 30
Oilers 8 4 14 26

1st period

1. Stars , Jarome Iginla 9 (Alex Galchenyuk, Roman Josi) at 2:07 (PP)
2. Stars , Colin Wilson 8 (Paul Stastny, Zach Bogosian) at 10:17

Penalties :
Drew Miller (EDM) for Hooking (Minor) at 1:53, Brandon Dubinsky (DAL) for Boarding (Minor) at 11:18, Erik Gustafsson (EDM) for High sticking (Minor) at 13:26, Erik Gustafsson (EDM) for Holding Stick (Minor) at 18:52

2nd period

3. Stars , Brandon Dubinsky 7 (Luke Schenn, Alex Galchenyuk) at 1:51
4. Oilers , Dustin Jeffrey 2 (David Backes, Justin Schultz) at 5:57

Penalties :
Brandon Dubinsky (DAL) for Roughing (Minor) at 7:08, Marcel Goc (DAL) for Roughing (Minor) at 7:36, Luke Schenn (DAL) for Hooking (Minor) at 15:20, Zach Bogosian (DAL) for Hooking (Minor) at 19:37

3rd period

5. Stars , Alex Galchenyuk 2 (Brandon Dubinsky, Jay Bouwmeester) at 8:13
6. Oilers , Derek Roy 13 (Jeff Schultz, Colin McDonald) at 10:21
7. Stars , Alex Chiasson 2 (Paul Stastny, Zach Bogosian) at 15:26 (PP)
8. Stars , Colin Wilson 9 (Paul Stastny, Zach Bogosian) at 16:56
9. Stars , Luke Schenn 2 (Jarome Iginla, Andy Greene) at 17:47

Penalties :
Luke Schenn (DAL) for High sticking (Minor) at 0:12, Drew Miller (EDM) for Roughing (Minor) at 0:26, Dalton Prout (DAL) for Interference (Minor) at 3:12, Chris Phillips (EDM) for Holding Stick (Minor) at 11:13, Scott Hannan (EDM) for High sticking (Minor) at 14:55

Goalie Stats

Ilya Bryzgalov (DAL), 24 saves from 26 shots - (0.923), W, 6-13-2, 60:00 minutes
Richard Bachman (EDM), 23 saves from 30 shots - (0.767), L, 1-3-1, 60:00 minutes

Players Stats for Stars

Player Name              G  A  P  +/- PIM S  H  SB GA TA FO     MP     PP MP  PK MP  
------------------------------------------------------------------------------------
Alex Chiasson            1  0  1  -1  0   3  0  0  0  0  0/0    12:50   2:44   0:00 
Alex Galchenyuk          1  2  3   3  0   3  0  0  0  0  1/1    19:25   4:12   1:58 
Andy Greene              0  1  1   1  0   2  1  2  0  0  0/0    25:03   4:32   6:45 
Brandon Dubinsky         1  1  2   3  4   1  3  0  0  0  12/22  17:25   4:12   0:00 
Colin Wilson             2  0  2   1  0   6  0  0  0  0  0/0    11:42   0:00   0:00 
Dalton Prout             0  0  0   2  2   0  0  0  0  0  0/0    16:40   0:00   3:10 
Derick Brassard          0  0  0  -1  0   1  0  0  0  0  7/13   10:06   0:00   0:00 
Jarome Iginla            1  1  2   3  0   4  0  1  0  0  0/1    16:52   4:12   0:00 
Jay Bouwmeester          0  1  1   0  0   1  2  0  0  0  0/0    23:06   2:24   4:53 
Justin Abdelkader        0  0  0   0  0   0  0  0  0  0  2/2     7:38   0:00   0:00 
Luke Schenn              1  1  2   1  4   2  2  0  0  0  0/0    17:40   0:00   4:20 
Marcel Goc               0  0  0   0  2   0  1  0  0  0  18/27  13:18   0:00   5:40 
Matt Martin              0  0  0   0  0   0  2  0  0  0  0/1     7:38   0:00   0:00 
Paul Stastny             0  3  3   1  0   3  1  0  0  0  16/22  18:20   2:44   3:54 
Roman Josi               0  1  1   0  0   0  0  1  0  0  0/0    18:46   2:24   0:14 
Ryan Johansen            0  0  0   1  0   3  2  0  0  0  0/4    19:01   2:44   4:35 
Zach Bogosian            0  3  3   2  2   1  0  0  0  0  0/0    18:41   4:32   1:23 
Zack Kassian             0  0  0  -1  0   0  2  0  0  0  0/0    11:49   0:00   1:43 

Players Stats for Oilers

Player Name              G  A  P  +/- PIM S  H  SB GA TA FO     MP     PP MP  PK MP  
------------------------------------------------------------------------------------
Adam Burish              0  0  0   0  0   0  0  0  0  0  1/7    21:11   4:30   3:55 
Ben Street               0  0  0  -2  0   0  1  0  0  0  0/1     9:22   0:00   0:54 
Brandon Sutter           0  0  0  -1  0   2  0  0  0  0  4/9     8:43   0:00   0:00 
Brian Flynn              0  0  0  -2  0   0  1  0  0  0  3/11    8:28   0:00   0:00 
Charlie Coyle            0  0  0  -1  0   1  0  0  0  0  0/2     8:43   0:00   0:00 
Chris Phillips           0  0  0  -1  2   1  1  2  0  0  0/0    24:22   4:49   0:59 
Colin McDonald           0  1  1   0  0   3  3  0  0  0  0/0    18:28   4:43   1:36 
David Backes             0  1  1   0  0   6  3  0  0  0  18/39  23:16   4:43   4:02 
Dennis Wideman           0  0  0  -1  0   4  0  1  0  0  0/0    22:21   4:49   0:00 
Derek Roy                1  0  1   0  0   3  0  0  0  0  9/17   13:54   0:00   0:00 
Drew Miller              0  0  0  -1  4   1  1  0  0  0  1/4    14:12   4:29   1:01 
Dustin Jeffrey           1  0  1   0  0   1  0  0  0  0  1/2    14:19   0:00   1:33 
Erik Gustafsson          0  0  0   0  4   0  0  3  0  0  0/0    17:18   4:24   1:49 
Jeff Schultz             0  1  1  -2  0   0  1  0  0  0  0/0    19:38   0:00   4:07 
Jochen Hecht             0  0  0   0  0   1  1  0  0  0  0/0    17:30   4:30   0:51 
Justin Schultz           0  1  1   0  0   1  0  0  0  0  0/0    16:18   0:00   4:53 
Mikkel Boedker           0  0  0  -2  0   1  4  0  0  0  0/1    13:12   4:43   0:01 
Scott Hannan             0  0  0  -2  2   1  7  0  0  0  0/0    19:58   4:24   2:03 

3 Stars

1 - Alex Galchenyuk (DAL)
2 - Jarome Iginla (DAL)
3 - Colin Wilson (DAL)

Power Play

Stars - 2 on 6 Attempt(s) - 33.33%
Oilers - 0 on 7 Attempt(s) - 0.00%

Penalty Kill

Stars - 7 on 7 Attempt(s) - 100.00% - Score 0 goal in Penalty Kill
Oilers - 4 on 6 Attempt(s) - 66.67% - Score 0 goal in Penalty Kill

Official

Referees : Stephen Walkom and Eric Furlatt
Linesman : Brad Lazarowich and Kiel Murchison

Game Notes

No Game Note

Finance

Level 1 -- Attendance: 5857 (90.11%) -- Ticket Income $591,557
Level 2 -- Attendance: 3174 (63.48%) -- Ticket Income $314,226
Level 3 -- Attendance: 1683 (48.09%) -- Ticket Income $143,055
Level 4 -- Attendance: 839 (100.00%) -- Ticket Income $67,120
Luxury Box -- Attendance: 543 (54.30%) -- Ticket Income $176,475
Game was played at the Rexall Place
Total Attendance: 12096 (71.83%)
Total Ticket Income: $1,292,433
Other Income: $193,865
Total Income: $1,486,298


% Time on Ice - Stars

Lines # - Real PCT - Wanted PCT - Time Play
Normal Forward
1 - 30% - 29% - 12:40
2 - 28% - 28% - 11:42
3 - 24% - 26% - 10:06
4 - 18% - 17% - 7:38
Normal Defense
1 - 37% - 34% - 15:22
2 - 32% - 33% - 13:21
3 - 32% - 33% - 13:23
4 - 0% - 0% - 0:00
PP Forward
1 - 61% - 55% - 4:12
2 - 39% - 45% - 2:44
PP Defense
1 - 65% - 65% - 4:32
2 - 35% - 35% - 2:24
PK Forward
1 - 77% - 60% - 5:45
2 - 23% - 40% - 1:43
PK Defense
1 - 65% - 60% - 4:52
2 - 35% - 40% - 2:36
PK3 Forward
1 - 100% - 60% - 2:55
2 - 0% - 40% - 0:00
PK3 Defense
1 - 69% - 60% - 2:00
2 - 31% - 40% - 0:55
44 Forward
1 - 100% - 60% - 0:35
2 - 0% - 40% - 0:00
44 Defense
1 - 77% - 60% - 0:27
2 - 23% - 40% - 0:08
Last Minute Offensive  - 0:00
Last Minute Defensive  - 0:00
Total
Forward - 60:00
Defense - 60:00

% Time on Ice - Oilers

Lines # - Real PCT - Wanted PCT - Time Play
Normal Forward
1 - 30% - 31% - 12:46
2 - 29% - 30% - 12:09
3 - 21% - 20% - 8:43
4 - 20% - 19% - 8:28
Normal Defense
1 - 42% - 40% - 17:32
2 - 30% - 30% - 12:46
3 - 25% - 20% - 10:26
4 - 3% - 10% - 1:22
PP Forward
1 - 51% - 65% - 4:43
2 - 49% - 35% - 4:30
PP Defense
1 - 52% - 60% - 4:49
2 - 48% - 40% - 4:24
PK Forward
1 - 77% - 60% - 5:20
2 - 23% - 40% - 1:36
PK Defense
1 - 80% - 60% - 5:32
2 - 20% - 40% - 1:24
PK3 Forward
1 - 0% - 60%
2 - 0% - 40%
PK3 Defense
1 - 0% - 60%
2 - 0% - 40%
44 Forward
1 - 100% - 60% - 1:45
2 - 0% - 40% - 0:00
44 Defense
1 - 56% - 60% - 0:59
2 - 44% - 40% - 0:46
Last Minute Offensive  - 0:00
Last Minute Defensive  - 0:00
Total
Forward - 60:00
Defense - 60:00

Play by Play

1st period


0:01 of 1st period - David Backes wins face-off versus Jarome Iginla in neutral zone.
0:21 of 1st period - Icing by Dennis Wideman.
0:22 of 1st period - Paul Stastny wins face-off versus David Backes in Oilers zone.
1:09 of 1st period - Off-side.
1:10 of 1st period - Brandon Sutter wins face-off versus Derick Brassard in neutral zone.
1:48 of 1st period - Shot by Zach Bogosian.
1:48 of 1st period - Deflect By Alex Chiasson.
1:48 of 1st period - Shot Blocked by Erik Gustafsson.
1:53 of 1st period - Minor Penalty to Drew Miller for Hooking.
1:54 of 1st period - Brandon Dubinsky wins face-off versus Adam Burish in Oilers zone.
1:59 of 1st period - Shot by Jay Bouwmeester.
1:59 of 1st period - Stopped by Richard Bachman without a rebound.
2:00 of 1st period - Brandon Dubinsky wins face-off versus David Backes in Oilers zone.
2:07 of 1st period - Shot by Jarome Iginla.
2:07 of 1st period - Goal by Jarome Iginla - Stars : 1 - Oilers : 0.
2:08 of 1st period - Justin Abdelkader wins face-off versus Derek Roy in neutral zone.
3:03 of 1st period - Shot by Brandon Dubinsky.
3:03 of 1st period - Shot Misses the Net.
3:05 of 1st period - Shot by Zach Bogosian.
3:05 of 1st period - Shot Misses the Net.
3:20 of 1st period - Zach Bogosian is hit by Scott Hannan and loses puck.
3:40 of 1st period - Off-side.
3:41 of 1st period - Paul Stastny wins face-off versus Brian Flynn in neutral zone.
3:58 of 1st period - Shot by Paul Stastny.
3:58 of 1st period - Shot Blocked by Chris Phillips.
4:00 of 1st period - Shot by Paul Stastny.
4:00 of 1st period - Deflect By Colin Wilson.
4:00 of 1st period - Shot Misses the Net.
4:02 of 1st period - Shot by Ryan Johansen.
4:02 of 1st period - Shot Misses the Net.
4:20 of 1st period - Shot by Colin Wilson.
4:20 of 1st period - Shot Misses the Net.
4:22 of 1st period - Shot by Ryan Johansen.
4:22 of 1st period - Stopped by Richard Bachman without a rebound.
4:23 of 1st period - David Backes wins face-off versus Derick Brassard in Oilers zone.
4:30 of 1st period - Roman Josi is hit by David Backes and loses puck.
5:02 of 1st period - Shot by David Backes.
5:02 of 1st period - Stopped by Ilya Bryzgalov with a rebound.
5:04 of 1st period - Shot by David Backes.
5:04 of 1st period - Stopped by Ilya Bryzgalov with a rebound.
5:06 of 1st period - Shot by Erik Gustafsson.
5:06 of 1st period - Shot Misses the Net.
5:18 of 1st period - Icing by Roman Josi.
5:19 of 1st period - Brandon Sutter wins face-off versus Derick Brassard in Stars zone.
5:20 of 1st period - Shot by Charlie Coyle.
5:20 of 1st period - Shot Misses the Net.
6:00 of 1st period - Shot by Brandon Sutter.
6:00 of 1st period - Stopped by Ilya Bryzgalov without a rebound.
6:01 of 1st period - Marcel Goc wins face-off versus Brian Flynn in Stars zone.
7:05 of 1st period - Dalton Prout is hit by David Backes and loses puck.
7:24 of 1st period - Shot by Dustin Jeffrey.
7:24 of 1st period - Shot Misses the Net.
7:30 of 1st period - Shot by David Backes.
7:30 of 1st period - Shot Blocked by Jarome Iginla.
7:58 of 1st period - Shot by Derek Roy.
7:58 of 1st period - Stopped by Ilya Bryzgalov without a rebound.
7:59 of 1st period - Paul Stastny wins face-off versus Charlie Coyle in Stars zone.
8:22 of 1st period - Shot by Paul Stastny.
8:22 of 1st period - Stopped by Richard Bachman with a rebound.
8:57 of 1st period - Scott Hannan is hit by Zack Kassian and loses puck.
9:46 of 1st period - Shot by Colin McDonald.
9:46 of 1st period - Stopped by Ilya Bryzgalov with a rebound.
9:51 of 1st period - Off-side.
9:52 of 1st period - David Backes wins face-off versus Brandon Dubinsky in neutral zone.
10:07 of 1st period - Shot by Alex Galchenyuk.
10:07 of 1st period - Stopped by Richard Bachman without a rebound.
10:08 of 1st period - Paul Stastny wins face-off versus Brian Flynn in Oilers zone.
10:09 of 1st period - Shot by Colin Wilson.
10:09 of 1st period - Stopped by Richard Bachman without a rebound.
10:10 of 1st period - Paul Stastny wins face-off versus Brian Flynn in Oilers zone.
10:13 of 1st period - Shot by Colin Wilson.
10:13 of 1st period - Shot Blocked by Erik Gustafsson.
10:15 of 1st period - Shot by Paul Stastny.
10:15 of 1st period - Shot Misses the Net.
10:17 of 1st period - Shot by Colin Wilson.
10:17 of 1st period - Goal by Colin Wilson - Stars : 2 - Oilers : 0.
10:18 of 1st period - David Backes wins face-off versus Ryan Johansen in neutral zone.
10:51 of 1st period - Icing by Roman Josi.
10:52 of 1st period - Brian Flynn wins face-off versus Paul Stastny in Stars zone.
10:52 of 1st period - Mikkel Boedker is hit by Jay Bouwmeester and loses puck.
11:02 of 1st period - Colin Wilson is hit by Scott Hannan and loses puck.
11:18 of 1st period - Minor Penalty to Brandon Dubinsky for Boarding.
11:19 of 1st period - Marcel Goc wins face-off versus Drew Miller in Stars zone.
11:36 of 1st period - Shot by Drew Miller.
11:36 of 1st period - Stopped by Ilya Bryzgalov without a rebound.
11:37 of 1st period - Marcel Goc wins face-off versus David Backes in Stars zone.
11:43 of 1st period - Icing by David Backes.
11:44 of 1st period - Marcel Goc wins face-off versus David Backes in Oilers zone.
12:41 of 1st period - Icing by Dennis Wideman.
12:42 of 1st period - Adam Burish wins face-off versus Marcel Goc in Oilers zone.
12:53 of 1st period - Shot by Dennis Wideman.
12:53 of 1st period - Stopped by Ilya Bryzgalov without a rebound.
12:54 of 1st period - Marcel Goc wins face-off versus Adam Burish in Stars zone.
13:15 of 1st period - Shot by Dennis Wideman.
13:15 of 1st period - Shot Blocked by Andy Greene.
13:17 of 1st period - Shot by Jochen Hecht.
13:17 of 1st period - Stopped by Ilya Bryzgalov with a rebound.
13:26 of 1st period - Minor Penalty to Erik Gustafsson for High sticking.
13:27 of 1st period - David Backes wins face-off versus Brandon Dubinsky in Oilers zone.
13:40 of 1st period - Shot by Jarome Iginla.
13:40 of 1st period - Shot Misses the Net.
13:56 of 1st period - Shot by Alex Galchenyuk.
13:56 of 1st period - Shot Misses the Net.
15:44 of 1st period - Off-side.
15:45 of 1st period - Derick Brassard wins face-off versus Derek Roy in neutral zone.
15:48 of 1st period - Shot by Andy Greene.
15:48 of 1st period - Stopped by Richard Bachman without a rebound.
15:49 of 1st period - Marcel Goc wins face-off versus Derek Roy in Oilers zone.
15:55 of 1st period - Icing by Colin McDonald.
15:56 of 1st period - Derek Roy wins face-off versus Paul Stastny in Oilers zone.
15:56 of 1st period - Derek Roy is hit by Paul Stastny.
16:33 of 1st period - Off-side.
16:34 of 1st period - David Backes wins face-off versus Brandon Dubinsky in neutral zone.
16:53 of 1st period - Shot by Jarome Iginla.
16:53 of 1st period - Deflect By Alex Galchenyuk.
16:53 of 1st period - Shot Misses the Net.
16:55 of 1st period - Shot by Andy Greene.
16:55 of 1st period - Shot Misses the Net.
18:52 of 1st period - Minor Penalty to Erik Gustafsson for Holding Stick.
18:53 of 1st period - Drew Miller wins face-off versus Brandon Dubinsky in Oilers zone.
19:33 of 1st period - Zach Bogosian is hit by Ben Street and loses puck.
Goals for this period are 2 for Stars vs 0 for Oilers.
Shots for this period are 8 for Stars vs 8 for Oilers.

2nd period


0:01 of 2nd period - Brandon Dubinsky wins face-off versus David Backes in neutral zone.
0:43 of 2nd period - Shot by Zach Bogosian.
0:43 of 2nd period - The goal is going for a video replay.
0:43 of 2nd period - The goal is refused.
0:44 of 2nd period - Paul Stastny wins face-off versus Dustin Jeffrey in Oilers zone.
0:47 of 2nd period - Shot by Jay Bouwmeester.
0:47 of 2nd period - Shot Misses the Net.
1:04 of 2nd period - Justin Abdelkader is hit by Chris Phillips and loses puck.
1:08 of 2nd period - Icing by Chris Phillips.
1:09 of 2nd period - Derick Brassard wins face-off versus Brandon Sutter in Oilers zone.
1:12 of 2nd period - Shot by Alex Chiasson.
1:12 of 2nd period - Stopped by Richard Bachman without a rebound.
1:13 of 2nd period - Derick Brassard wins face-off versus Derek Roy in Oilers zone.
1:40 of 2nd period - Shot by Jochen Hecht.
1:40 of 2nd period - Deflect By Derek Roy.
1:40 of 2nd period - Stopped by Ilya Bryzgalov without a rebound.
1:41 of 2nd period - Brandon Dubinsky wins face-off versus Ben Street in Stars zone.
1:43 of 2nd period - Icing by Andy Greene.
1:44 of 2nd period - Alex Galchenyuk wins face-off versus Brian Flynn in Stars zone.
1:51 of 2nd period - Shot by Brandon Dubinsky.
1:51 of 2nd period - Goal by Brandon Dubinsky - Stars : 3 - Oilers : 0.
1:52 of 2nd period - Derek Roy wins face-off versus Brandon Dubinsky in neutral zone.
2:00 of 2nd period - Chris Phillips is hit by Andy Greene and loses puck.
2:07 of 2nd period - Andy Greene is hit by Jochen Hecht and loses puck.
2:56 of 2nd period - Off-side.
2:57 of 2nd period - David Backes wins face-off versus Derick Brassard in neutral zone.
3:17 of 2nd period - Off-side.
3:18 of 2nd period - Justin Abdelkader wins face-off versus Brian Flynn in neutral zone.
3:34 of 2nd period - Justin Schultz is hit by Matt Martin and loses puck.
4:03 of 2nd period - Marcel Goc is hit by Mikkel Boedker and loses puck.
4:11 of 2nd period - Icing by Matt Martin.
4:12 of 2nd period - David Backes wins face-off versus Matt Martin in Stars zone.
4:27 of 2nd period - Shot by David Backes.
4:27 of 2nd period - Shot Misses the Net.
4:29 of 2nd period - Shot by Dennis Wideman.
4:29 of 2nd period - Stopped by Ilya Bryzgalov without a rebound.
4:30 of 2nd period - Brandon Dubinsky wins face-off versus Charlie Coyle in Stars zone.
4:30 of 2nd period - Brandon Dubinsky is hit by Drew Miller.
4:52 of 2nd period - Jeff Schultz is hit by Brandon Dubinsky and loses puck.
4:58 of 2nd period - Brandon Dubinsky is hit by Jeff Schultz and loses puck.
5:45 of 2nd period - Shot by Paul Stastny.
5:45 of 2nd period - Shot Blocked by Dennis Wideman.
5:47 of 2nd period - Shot by Dalton Prout.
5:47 of 2nd period - Deflect By Colin Wilson.
5:47 of 2nd period - Stopped by Richard Bachman without a rebound.
5:48 of 2nd period - Derick Brassard wins face-off versus David Backes in Oilers zone.
5:55 of 2nd period - Shot by David Backes.
5:55 of 2nd period - Stopped by Ilya Bryzgalov with a rebound.
5:57 of 2nd period - Shot by David Backes.
5:57 of 2nd period - Deflect By Dustin Jeffrey.
5:57 of 2nd period - Goal by Dustin Jeffrey - Stars : 3 - Oilers : 1.
5:58 of 2nd period - Brian Flynn wins face-off versus Paul Stastny in neutral zone.
6:45 of 2nd period - Icing by Colin Wilson.
6:46 of 2nd period - David Backes wins face-off versus Paul Stastny in Stars zone.
6:55 of 2nd period - Shot by David Backes.
6:55 of 2nd period - Shot Misses the Net.
7:08 of 2nd period - Minor Penalty to Brandon Dubinsky for Roughing.
7:09 of 2nd period - Marcel Goc wins face-off versus Adam Burish in Stars zone.
7:15 of 2nd period - Icing by Jochen Hecht.
7:16 of 2nd period - Marcel Goc wins face-off versus Adam Burish in Oilers zone.
7:35 of 2nd period - Dennis Wideman is hit by Marcel Goc and loses puck.
7:36 of 2nd period - Minor Penalty to Marcel Goc for Roughing.
7:37 of 2nd period - Paul Stastny wins face-off versus David Backes in Stars zone.
7:37 of 2nd period - Paul Stastny is hit by David Backes.
8:02 of 2nd period - Icing by Scott Hannan.
8:03 of 2nd period - David Backes wins face-off versus Ryan Johansen in Oilers zone.
10:42 of 2nd period - Shot by Matt Martin.
10:42 of 2nd period - Shot Misses the Net.
10:44 of 2nd period - Shot by Dalton Prout.
10:44 of 2nd period - Shot Misses the Net.
10:56 of 2nd period - Zach Bogosian is hit by Brian Flynn and loses puck.
11:06 of 2nd period - Icing by Marcel Goc.
11:07 of 2nd period - Marcel Goc wins face-off versus Brandon Sutter in Stars zone.
11:23 of 2nd period - Shot by Alex Galchenyuk.
11:23 of 2nd period - Shot Misses the Net.
12:31 of 2nd period - Icing by Dennis Wideman.
12:32 of 2nd period - Paul Stastny wins face-off versus David Backes in Oilers zone.
13:00 of 2nd period - Icing by David Backes.
13:01 of 2nd period - David Backes wins face-off versus Derick Brassard in Oilers zone.
13:40 of 2nd period - Shot by Derick Brassard.
13:40 of 2nd period - Deflect By Alex Chiasson.
13:40 of 2nd period - Stopped by Richard Bachman with a rebound.
14:02 of 2nd period - Shot by Brandon Dubinsky.
14:02 of 2nd period - Shot Misses the Net.
14:04 of 2nd period - Shot by Jarome Iginla.
14:04 of 2nd period - Stopped by Richard Bachman with a rebound.
14:06 of 2nd period - Shot by Brandon Dubinsky.
14:06 of 2nd period - Shot Blocked by Chris Phillips.
14:08 of 2nd period - Shot by Jarome Iginla.
14:08 of 2nd period - Stopped by Richard Bachman without a rebound.
14:09 of 2nd period - Derek Roy wins face-off versus Paul Stastny in Oilers zone.
14:54 of 2nd period - Shot by Paul Stastny.
14:54 of 2nd period - Stopped by Richard Bachman without a rebound.
14:55 of 2nd period - Brandon Dubinsky wins face-off versus Drew Miller in Oilers zone.
15:00 of 2nd period - Shot by Alex Galchenyuk.
15:00 of 2nd period - Stopped by Richard Bachman with a rebound.
15:20 of 2nd period - Minor Penalty to Luke Schenn for Hooking.
15:21 of 2nd period - Marcel Goc wins face-off versus David Backes in Stars zone.
15:44 of 2nd period - Shot by Dennis Wideman.
15:44 of 2nd period - Shot Misses the Net.
15:46 of 2nd period - Shot by Chris Phillips.
15:46 of 2nd period - Shot Misses the Net.
15:48 of 2nd period - Shot by Mikkel Boedker.
15:48 of 2nd period - Shot Misses the Net.
16:45 of 2nd period - Icing by Mikkel Boedker.
16:46 of 2nd period - Marcel Goc wins face-off versus David Backes in Oilers zone.
17:07 of 2nd period - Shot by David Backes.
17:07 of 2nd period - Shot Misses the Net.
18:23 of 2nd period - Luke Schenn is hit by Mikkel Boedker and loses puck.
18:30 of 2nd period - Shot by Mikkel Boedker.
18:30 of 2nd period - Shot Blocked by Andy Greene.
18:32 of 2nd period - Shot by Mikkel Boedker.
18:32 of 2nd period - Shot Hit the Post.
18:34 of 2nd period - Shot by Brian Flynn.
18:34 of 2nd period - Shot Misses the Net.
19:17 of 2nd period - Dalton Prout is hit by Colin McDonald and loses puck.
19:28 of 2nd period - Shot by Colin Wilson.
19:28 of 2nd period - Stopped by Richard Bachman without a rebound.
19:29 of 2nd period - Marcel Goc wins face-off versus David Backes in Oilers zone.
19:37 of 2nd period - Minor Penalty to Zach Bogosian for Hooking.
19:38 of 2nd period - Marcel Goc wins face-off versus Adam Burish in Stars zone.
Goals for this period are 1 for Stars vs 1 for Oilers.
Shots for this period are 10 for Stars vs 4 for Oilers.

3rd period


0:01 of 3rd period - David Backes wins face-off versus Marcel Goc in neutral zone.
0:04 of 3rd period - Shot by Dennis Wideman.
0:04 of 3rd period - Shot Misses the Net.
0:06 of 3rd period - Shot by Dennis Wideman.
0:06 of 3rd period - Shot Misses the Net.
0:08 of 3rd period - Shot by Mikkel Boedker.
0:08 of 3rd period - Stopped by Ilya Bryzgalov without a rebound.
0:09 of 3rd period - David Backes wins face-off versus Marcel Goc in Stars zone.
0:10 of 3rd period - Shot by Dennis Wideman.
0:10 of 3rd period - Stopped by Ilya Bryzgalov without a rebound.
0:11 of 3rd period - David Backes wins face-off versus Marcel Goc in Stars zone.
0:12 of 3rd period - Shot by Dennis Wideman.
0:12 of 3rd period - Stopped by Ilya Bryzgalov without a rebound.
0:12 of 3rd period - Minor Penalty to Luke Schenn for High sticking.
0:13 of 3rd period - Marcel Goc wins face-off versus David Backes in Stars zone.
0:13 of 3rd period - Marcel Goc is hit by Mikkel Boedker.
0:25 of 3rd period - Shot by Chris Phillips.
0:25 of 3rd period - Stopped by Ilya Bryzgalov without a rebound.
0:26 of 3rd period - Marcel Goc wins face-off versus Drew Miller in Stars zone.
0:26 of 3rd period - Minor Penalty to Drew Miller for Roughing.
0:27 of 3rd period - Marcel Goc wins face-off versus David Backes in Oilers zone.
0:44 of 3rd period - Shot by David Backes.
0:44 of 3rd period - Stopped by Ilya Bryzgalov without a rebound.
0:45 of 3rd period - Derek Roy wins face-off versus Marcel Goc in Stars zone.
0:50 of 3rd period - Shot by David Backes.
0:50 of 3rd period - Stopped by Ilya Bryzgalov without a rebound.
0:51 of 3rd period - Marcel Goc wins face-off versus David Backes in Stars zone.
0:59 of 3rd period - Off-side.
1:00 of 3rd period - David Backes wins face-off versus Marcel Goc in neutral zone.
1:31 of 3rd period - Shot by David Backes.
1:31 of 3rd period - Stopped by Ilya Bryzgalov without a rebound.
1:32 of 3rd period - Derek Roy wins face-off versus Marcel Goc in Stars zone.
1:51 of 3rd period - David Backes is hit by Brandon Dubinsky and loses puck.
2:03 of 3rd period - Icing by Scott Hannan.
2:04 of 3rd period - Brandon Dubinsky wins face-off versus David Backes in Oilers zone.
2:05 of 3rd period - Shot by Andy Greene.
2:05 of 3rd period - Stopped by Richard Bachman with a rebound.
3:06 of 3rd period - Drew Miller is hit by Matt Martin and loses puck.
3:12 of 3rd period - Minor Penalty to Dalton Prout for Interference.
3:13 of 3rd period - Marcel Goc wins face-off versus Mikkel Boedker in Stars zone.
3:13 of 3rd period - Marcel Goc is hit by Colin McDonald.
5:28 of 3rd period - Shot by Derick Brassard.
5:28 of 3rd period - Stopped by Richard Bachman without a rebound.
5:29 of 3rd period - Brian Flynn wins face-off versus Brandon Dubinsky in Oilers zone.
5:29 of 3rd period - Brian Flynn is hit by Brandon Dubinsky.
5:36 of 3rd period - Justin Schultz is hit by Jay Bouwmeester and loses puck.
7:09 of 3rd period - Icing by David Backes.
7:10 of 3rd period - Paul Stastny wins face-off versus David Backes in Oilers zone.
7:31 of 3rd period - Shot by Colin Wilson.
7:31 of 3rd period - Shot Misses the Net.
7:37 of 3rd period - Shot by Paul Stastny.
7:37 of 3rd period - Stopped by Richard Bachman without a rebound.
7:38 of 3rd period - Brandon Dubinsky wins face-off versus Brandon Sutter in Oilers zone.
7:41 of 3rd period - Shot by Jay Bouwmeester.
7:41 of 3rd period - Shot Misses the Net.
8:13 of 3rd period - Shot by Alex Galchenyuk.
8:13 of 3rd period - Goal by Alex Galchenyuk - Stars : 4 - Oilers : 1.
8:14 of 3rd period - Paul Stastny wins face-off versus Brian Flynn in neutral zone.
8:35 of 3rd period - Shot by Colin Wilson.
8:35 of 3rd period - Stopped by Richard Bachman without a rebound.
8:36 of 3rd period - Derek Roy wins face-off versus Derick Brassard in Oilers zone.
8:51 of 3rd period - Icing by Derek Roy.
8:52 of 3rd period - Derek Roy wins face-off versus Ryan Johansen in Oilers zone.
9:03 of 3rd period - Shot by Justin Schultz.
9:03 of 3rd period - Stopped by Ilya Bryzgalov with a rebound.
9:05 of 3rd period - Shot by Colin McDonald.
9:05 of 3rd period - Shot Misses the Net.
9:07 of 3rd period - Shot by Colin McDonald.
9:07 of 3rd period - Stopped by Ilya Bryzgalov without a rebound.
9:08 of 3rd period - Brandon Dubinsky wins face-off versus David Backes in Stars zone.
10:19 of 3rd period - Shot by Derek Roy.
10:19 of 3rd period - Shot Misses the Net.
10:21 of 3rd period - Shot by Derek Roy.
10:21 of 3rd period - Goal by Derek Roy - Stars : 4 - Oilers : 2.
10:22 of 3rd period - Derick Brassard wins face-off versus Brandon Sutter in neutral zone.
10:25 of 3rd period - Justin Schultz is hit by Zack Kassian.
10:37 of 3rd period - Shot by Brandon Sutter.
10:37 of 3rd period - Stopped by Ilya Bryzgalov with a rebound.
10:39 of 3rd period - Shot by Charlie Coyle.
10:39 of 3rd period - Stopped by Ilya Bryzgalov without a rebound.
10:40 of 3rd period - Paul Stastny wins face-off versus Derek Roy in Stars zone.
10:50 of 3rd period - Derek Roy is hit by Ryan Johansen.
11:01 of 3rd period - Shot by Derek Roy.
11:01 of 3rd period - Shot Misses the Net.
11:08 of 3rd period - Icing by Luke Schenn.
11:09 of 3rd period - Paul Stastny wins face-off versus Brian Flynn in Stars zone.
11:13 of 3rd period - Minor Penalty to Chris Phillips for Holding Stick.
11:14 of 3rd period - David Backes wins face-off versus Brandon Dubinsky in Oilers zone.
11:27 of 3rd period - Shot by David Backes.
11:27 of 3rd period - Shot Blocked by Roman Josi.
11:32 of 3rd period - Icing by Jay Bouwmeester.
11:33 of 3rd period - Brandon Dubinsky wins face-off versus David Backes in Stars zone.
12:18 of 3rd period - Off-side.
12:19 of 3rd period - Paul Stastny wins face-off versus David Backes in neutral zone.
12:22 of 3rd period - Adam Burish is hit by Ryan Johansen and loses puck.
12:29 of 3rd period - Shot by Zach Bogosian.
12:29 of 3rd period - Deflect By Ryan Johansen.
12:29 of 3rd period - Stopped by Richard Bachman without a rebound.
12:30 of 3rd period - Paul Stastny wins face-off versus David Backes in Oilers zone.
12:33 of 3rd period - Shot by Zach Bogosian.
12:33 of 3rd period - Shot Blocked by Erik Gustafsson.
12:43 of 3rd period - Shot by Zach Bogosian.
12:43 of 3rd period - Shot Misses the Net.
13:44 of 3rd period - Matt Martin is hit by Mikkel Boedker and loses puck.
13:55 of 3rd period - Shot by Chris Phillips.
13:55 of 3rd period - Shot Misses the Net.
13:57 of 3rd period - Shot by Brian Flynn.
13:57 of 3rd period - Shot Misses the Net.
14:47 of 3rd period - Jarome Iginla is hit by Scott Hannan and loses puck.
14:55 of 3rd period - Minor Penalty to Scott Hannan for High sticking.
14:56 of 3rd period - Paul Stastny wins face-off versus David Backes in Oilers zone.
15:11 of 3rd period - Shot by Zach Bogosian.
15:11 of 3rd period - Shot Misses the Net.
15:26 of 3rd period - Shot by Paul Stastny.
15:26 of 3rd period - Deflect By Alex Chiasson.
15:26 of 3rd period - Goal by Alex Chiasson - Stars : 5 - Oilers : 2.
15:27 of 3rd period - Brandon Dubinsky wins face-off versus Brandon Sutter in neutral zone.
15:34 of 3rd period - Icing by Brandon Sutter.
15:35 of 3rd period - Brandon Sutter wins face-off versus Marcel Goc in Oilers zone.
15:43 of 3rd period - Icing by Roman Josi.
15:44 of 3rd period - David Backes wins face-off versus Marcel Goc in Stars zone.
16:03 of 3rd period - Shot by David Backes.
16:03 of 3rd period - Shot Misses the Net.
16:41 of 3rd period - Shot by Ryan Johansen.
16:41 of 3rd period - Stopped by Richard Bachman without a rebound.
16:42 of 3rd period - Derick Brassard wins face-off versus Derek Roy in Oilers zone.
16:42 of 3rd period - Derick Brassard is hit by Scott Hannan.
16:46 of 3rd period - Shot by Andy Greene.
16:46 of 3rd period - Shot Misses the Net.
16:50 of 3rd period - Shot by Luke Schenn.
16:50 of 3rd period - Stopped by Richard Bachman without a rebound.
16:51 of 3rd period - Paul Stastny wins face-off versus Derek Roy in Oilers zone.
16:56 of 3rd period - Shot by Paul Stastny.
16:56 of 3rd period - Deflect By Colin Wilson.
16:56 of 3rd period - Goal by Colin Wilson - Stars : 6 - Oilers : 2.
16:57 of 3rd period - Derek Roy wins face-off versus Ryan Johansen in neutral zone.
17:08 of 3rd period - Shot by Colin McDonald.
17:08 of 3rd period - Stopped by Ilya Bryzgalov with a rebound.
17:10 of 3rd period - Shot by Scott Hannan.
17:10 of 3rd period - Stopped by Ilya Bryzgalov without a rebound.
17:11 of 3rd period - Brandon Sutter wins face-off versus Brandon Dubinsky in Stars zone.
17:11 of 3rd period - Justin Schultz is hit by Luke Schenn and loses puck.
17:15 of 3rd period - Brandon Sutter is hit by Luke Schenn and loses puck.
17:21 of 3rd period - Icing by Brandon Dubinsky.
17:22 of 3rd period - David Backes wins face-off versus Brandon Dubinsky in Stars zone.
17:43 of 3rd period - Shot by Jarome Iginla.
17:43 of 3rd period - Stopped by Richard Bachman with a rebound.
17:45 of 3rd period - Shot by Jarome Iginla.
17:45 of 3rd period - Shot Misses the Net.
17:47 of 3rd period - Shot by Luke Schenn.
17:47 of 3rd period - Goal by Luke Schenn - Stars : 7 - Oilers : 2.
17:48 of 3rd period - Derek Roy wins face-off versus Paul Stastny in neutral zone.
17:58 of 3rd period - Paul Stastny is hit by Scott Hannan.
18:03 of 3rd period - Colin Wilson is hit by Scott Hannan and loses puck.
18:17 of 3rd period - Paul Stastny is hit by Scott Hannan and loses puck.
18:53 of 3rd period - Icing by Chris Phillips.
18:54 of 3rd period - Derick Brassard wins face-off versus Adam Burish in Oilers zone.
19:13 of 3rd period - Icing by Chris Phillips.
19:14 of 3rd period - Dustin Jeffrey wins face-off versus Brandon Dubinsky in Oilers zone.
19:48 of 3rd period - Icing by Jay Bouwmeester.
19:49 of 3rd period - Brandon Dubinsky wins face-off versus Derek Roy in Stars zone.
19:49 of 3rd period - Brandon Dubinsky is hit by Colin McDonald.
Goals for this period are 4 for Stars vs 1 for Oilers.
Shots for this period are 12 for Stars vs 14 for Oilers.


Output by the SimonT Hockey Simulator (STHS) for Stephane Roy -- Original Page W3C XHTML 1.0 Valid
Hockey Simulator - Hockey Simulation - Hockey Manager